Map: Dusk Towers

Players

MisterX

  • Race: Terran Terran
  • League: Gold

Grumm - Winner!

  • Race: Protoss Protoss
  • League: Gold

VOD

Have the link to the VOD?

Description

Time

  • Played on: Jan. 19, 2016, 5:38 p.m.
  • Length: 14:39
Show
View Real Time Build Order
Export as new Build Order

MisterX Terran 

Build Orders: MMM Bio 

Get SALT Encoding   

  12  0:00  SCV  
  13  0:13  SCV  
  14  0:18  Supply Depot  
  14  0:25  SCV  
  15  0:40  SCV  
  15  0:41  Barracks  
  16  0:46  Refinery  
  16  0:52  SCV  
  17  1:04  SCV  
  18  1:16  SCV  
  19  1:27  Command Center  
  19  1:31  SCV  
  20  1:38  Marine  
  21  1:45  Supply Depot  
  21  1:51  SCV  
  22  1:59  Barracks Reactor  
  22  2:01  Barracks  
  22  2:09  Supply Depot  
  22  2:13  SCV  
  23  2:25  SCV  
  23  2:29  Refinery  
  24  2:33  Supply Depot  
  24  2:35  Marine x2  
  26  2:40  SCV  
  27  2:51  Barracks Tech Lab  
  27  2:53  Orbital Command, SCV  
  28  3:04  Factory  
  28  3:06  Marine  
  28  3:07  Marine  
  30  3:14  Stimpack  
  30  3:19  Marauder  
  32  3:22  SCV  
  33  3:32  Marine x2  
  35  3:40  Marauder  
  37  3:46  Engineering Bay  
  37  3:47  Factory Tech Lab  
  37  3:51  Starport  
  37  3:54  Marine x2  
  39  4:01  Marauder  
  41  4:04  SCV  
  41  4:05  SCV  
  43  4:12  Marine x2  
  43  4:16  SCV  
  46  4:17  SCV  
  47  4:25  Marauder  
  47  4:29  Medivac, SCV  
  47  4:30  Marine x2  
  54  4:34  Supply Depot  
  54  4:39  Terran Infantry Weapons Level 1  
  54  4:41  SCV  
  54  4:42  Refinery  
  54  4:43  Refinery  
  55  4:52  Marine x2  
  59  4:53  Marauder  
  58  5:09  Supply Depot, Starport Reactor  
  58  5:14  Marauder, Marine x2  
  62  5:32  Marine x2  
  64  5:35  Marine  
  64  5:36  Supply Depot, Command Center  
  49  6:08  Marauder, Marine x2  
  53  6:26  Marine x2  
  46  6:42  Marauder  
  46  6:44  Marine x2  
  46  6:45  Medivac x2  
  53  6:48  Siege Tank  
  53  6:51  Supply Depot  
  53  6:52  SCV  
  57  6:54  Bunker  
  57  7:01  Terran Infantry Armor Level 1, Marine  
  57  7:02  Marine  
  57  7:03  Barracks  
  57  7:04  SCV  
  57  7:07  Armory  
  60  7:09  Marauder, Barracks  
  60  7:14  Supply Depot  
  62  7:16  SCV  
  62  7:19  Marine x2  
  65  7:30  Marauder, SCV  
  65  7:31  Orbital Command, Refinery  
  68  7:38  Siege Tank  
  68  7:42  SCV  
  72  7:47  Supply Depot  
  72  7:48  Medivac  
  74  7:54  SCV  
  74  7:55  Barracks Reactor  
  74  7:57  Barracks Tech Lab  
  75  8:01  Combat Shields  
  75  8:07  Orbital Command  
  77  8:13  Marauder, Marine  
  77  8:15  Marine  
  77  8:16  Marine  
  80  8:31  Marine  
  80  8:33  Marine  
  82  8:39  Missile Turret  
  82  8:41  Missile Turret  
  82  8:42  Missile Turret  
  82  8:44  Missile Turret x2  
  82  8:48  Marine x3  
  82  8:49  Marauder, Marine  
  88  9:08  Marauder, Marine x4  
  94  9:10  Marauder  
  96  9:30  Marauder, Marine x4  
  102  9:31  Marauder  
  104  9:47  Marine, Siege Tank  
  104  9:48  Marine x3  
  104  9:51  Marauder  
  104  9:52  Marine  
  113  9:56  Medivac x2  
  118  10:11  Marine x3  
  118  10:12  Starport, Marine x2  
  124  10:16  Marauder  
  124  10:35  Marauder  
  121  10:38  Marauder  
  103  10:44  Marine x3  
  103  10:45  Marine  
  82  10:56  Marauder  
  69  10:59  Marauder  
  69  11:02  Viking, Marine x4  
  77  11:06  Starport  
  77  11:08  Viking x2  
  79  11:17  Marauder  
  80  11:20  Terran Infantry Weapons Level 2, Marine x5  
  85  11:32  Concussive Shells, Barracks  
  85  11:35  Barracks  
  85  11:38  Marauder, Marine x5  
  92  11:45  Terran Ship Weapons Level 1  
  92  11:55  Marine  
  92  11:56  Marine x3  
  92  11:57  Marauder, Command Center  
  98  12:02  Supply Depot  
  98  12:07  Marauder  
  100  12:13  Marine x2  
  102  12:35  Supply Depot  
  102  12:38  Marauder x2, Marine x4  
  102  12:39  Marine x2  
  112  12:45  Supply Depot  
  112  12:54  Engineering Bay  
  112  12:56  Marine x6  
  118  12:59  Marine  
  118  13:00  Marauder  
  121  13:14  Marine x6  
  121  13:18  Marauder  
  129  13:20  Siege Tank  
  129  13:21  Marauder  
  129  13:24  Medivac x2  
  138  13:35  Refinery  
  138  13:36  SCV  
  139  13:42  SCV  
  139  13:48  SCV  
  141  13:52  Siege Tank  
  141  13:54  SCV  
  145  13:55  Marine x2  
  145  13:56  Marauder, Marine x4  
  145  14:00  SCV  
  154  14:06  SCV  
  155  14:12  Marauder, SCV  
  155  14:13  Marine x3  
  155  14:14  Marine x3  
  164  14:17  Marine  
Show
View Real Time Build Order
Export as new Build Order

Grumm Protoss - Winner!

Build Orders: 1 Gate Expand 

Get SALT Encoding   

  12  0:01  Probe (Chrono Boost)  
  13  0:11  Probe (Chrono Boost)  
  14  0:25  Pylon, Probe (Chrono Boost)  
  15  0:43  Probe (Chrono Boost)  
  15  0:44  Gateway  
  15  0:49  Assimilator  
  16  0:53  Probe (Chrono Boost)  
  17  1:16  Nexus  
  17  1:24  Probe (Chrono Boost)  
  18  1:38  Cybernetics Core  
  18  1:40  Gateway  
  18  1:45  Probe (Chrono Boost)  
  19  1:59  Zealot (Chrono Boost)  
  20  2:08  Assimilator  
  20  2:19  Probe  
  21  2:28  Stalker (Chrono Boost)  
  23  2:30  Probe  
  23  2:32  Probe  
  23  2:35  Warp Gate (Chrono Boost)  
  25  2:42  Probe  
  26  2:45  Probe  
  27  2:55  Probe  
  27  2:57  Pylon, Probe  
  29  3:03  Forge  
  29  3:05  Pylon  
  29  3:07  Probe  
  29  3:11  Probe  
  31  3:19  Probe (Chrono Boost)  
  32  3:22  Pylon  
  32  3:24  Mothership Core (Chrono Boost)  
  34  3:33  Probe (Chrono Boost)  
  35  3:45  Probe (Chrono Boost)  
  35  3:47  Photon Cannon  
  36  3:49  Photon Cannon  
  36  3:50  Probe (Chrono Boost)  
  38  3:57  Probe (Chrono Boost), Sentry  
  38  3:58  Adept  
  38  4:01  Probe (Chrono Boost)  
  43  4:09  Probe (Chrono Boost)  
  44  4:11  Robotics Facility  
  44  4:13  Assimilator  
  44  4:14  Probe (Chrono Boost)  
  45  4:36  Nexus  
  45  4:38  Pylon  
  45  4:44  Probe (Chrono Boost)  
  45  4:45  Probe (Chrono Boost)  
  47  4:46  Protoss Ground Weapons Level 1  
  47  4:53  Gateway  
  47  4:56  Assimilator, Stalker  
  49  5:00  Probe (Chrono Boost)  
  48  5:11  Photon Cannon  
  48  5:15  Pylon  
  48  5:16  Stalker  
  48  5:19  Zealot  
  52  5:22  Pylon  
  52  5:27  Immortal (Chrono Boost)  
  56  5:29  Probe (Chrono Boost)  
  56  5:30  Probe  
  58  5:39  Probe  
  58  5:41  Pylon  
  59  5:51  Stalker  
  59  5:52  Stalker  
  56  6:04  Probe  
  56  6:06  Probe  
  58  6:15  Probe  
  60  6:18  Probe  
  60  6:20  Stalker  
  60  6:22  Stalker  
  64  6:25  Probe  
  64  6:30  Probe  
  60  6:36  Probe, Immortal (Chrono Boost)  
  60  6:39  Twilight Council  
  62  6:41  Gateway  
  62  6:42  Probe  
  62  6:43  Gateway  
  62  6:46  Probe x2  
  65  6:54  Probe  
  65  6:57  Probe x2  
  68  7:02  Gateway  
  68  7:05  Pylon x2  
  68  7:06  Probe  
  68  7:07  Probe x2  
  69  7:12  Pylon  
  71  7:18  Charge  
  71  7:19  Probe  
  72  7:25  Robotics Bay  
  72  7:28  Probe x2  
  74  7:32  Pylon, Photon Cannon  
  74  7:35  Pylon, Probe  
  74  7:36  Assimilator  
  75  7:38  Probe  
  75  7:41  Pylon  
  76  7:47  Probe  
  76  7:49  Probe x2  
  79  7:55  Stalker x2  
  79  7:56  Stalker  
  85  8:05  Probe  
  85  8:07  Probe  
  85  8:11  Robotics Facility  
  85  8:12  Stargate  
  87  8:15  Stargate  
  87  8:19  Pylon  
  87  8:20  Colossus (Chrono Boost)  
  87  8:26  Pylon  
  93  8:29  Extended Thermal Lance (Chrono Boost)  
  93  8:33  Probe x2  
  93  8:35  Probe  
  96  8:44  Probe x2  
  96  8:47  Probe  
  99  8:50  Assimilator  
  99  8:54  Probe x2  
  99  9:01  Photon Cannon  
  101  9:04  Photon Cannon x2  
  101  9:07  Pylon  
  101  9:10  Void Ray x2 (Chrono Boost)  
  101  9:13  Colossus  
  115  9:22  Probe x2  
  115  9:24  Protoss Ground Armor Level 1  
  117  9:43  Zealot x4  
  117  9:44  Zealot  
  127  9:51  Void Ray (Chrono Boost)  
  131  10:07  Colossus  
  137  10:27  Fleet Beacon  
  133  10:30  Pylon  
  105  10:57  Stalker x4  
  105  10:58  Stalker x2  
  117  11:06  Void Ray x2 (Chrono Boost), Colossus  
  131  11:30  Nexus  
  131  11:31  Zealot x4  
  131  11:32  Pylon, Zealot x2  
  143  11:33  Pylon  
  143  11:35  Protoss Ground Armor Level 2  
  147  11:47  Tempest (Chrono Boost)  
  147  11:51  Stargate  
  147  11:53  Nexus  
  147  11:55  Photon Cannon  
  147  11:58  Assimilator  
  147  12:03  Assimilator  
  147  12:06  Pylon  
  147  12:07  Tempest (Chrono Boost)  
  151  12:13  Pylon  
  151  12:17  Observer  
  152  12:30  Photon Cannon  
  152  12:38  Pylon  
  152  12:44  Pylon  
  152  12:51  Stalker  
  152  12:53  Zealot  
  152  12:54  Tempest (Chrono Boost)  
  152  12:55  Pylon  
  152  12:57  Colossus (Chrono Boost)  
  152  12:58  Colossus (Chrono Boost), Tempest (Chrono Boost)  
  176  13:12  Forge  
  176  13:13  Forge  
  176  13:28  Tempest  
  180  13:36  Dark Shrine  
  180  13:38  Photon Cannon  
  180  13:42  Photon Cannon  
  180  13:43  Photon Cannon  
  180  13:51  Assimilator  
  180  13:55  Assimilator  
  180  13:57  Photon Cannon  
  180  14:05  Observer (Chrono Boost)  
Tags
 
Composition
MMM Bio
League
GoldGold
Matchup
PvT
Replay Pack
sc2 replays 2016
Add a new tag
Caveats
  • Supply blocks, unpowered buildings, or Contaminate may cause inaccurate times.
  • Supply counts are checked every 10 seconds.